Predators vs Nordiques
Created - October 23, 2017 at 21:28
Goals
|
| Predators |
1 |
0 |
0 |
1 |
| Nordiques |
2 |
0 |
1 |
3 |
|
Shots
|
| Predators |
8 |
14 |
5 |
27 |
| Nordiques |
21 |
8 |
9 |
38 |
|
1st period
1. Nordiques , Ryan Ellis 3 (Vladimir Tarasenko 2, Chris Drury 2) at 3:45 (PP)
2. Nordiques , Vladimir Tarasenko 1 (Daniel Briere 5) at 8:53
3. Predators , Adam Burish 1 (Brett Clark 1) at 10:59
Penalties :
Ryan Kesler (Nas) for Roughing (Minor) at 3:12
2nd period
No Goal
Penalties :
Adam Burish (Nas) for Tripping (Minor) at 1:37, Andrej Meszaros (Nas) for Goalie Interference (Minor) at 14:13
3rd period
4. Nordiques , Marek Svatos 3 (Chris Drury 3, Dustin Byfuglien 3) at 19:19 (Empty Net)
Penalties :
Adam Burish (Nas) for High sticking (Minor) at 6:26
Goalie Stats
Viktor Fasth (Nas), 35 saves from 37 shots - (0.946), L, 4-1-0, 58:59 minutes
Julien Ellis (Que), 26 saves from 27 shots - (0.963), W, 1-0-0, 60:00 minutes
Players Stats for Predators
Player Name G A P +/- PIM S H SB GA TA FO MP PP MP PK MP
------------------------------------------------------------------------------------
Adam Burish 1 0 1 1 4 2 3 1 0 0 1/2 16:39 0:00 0:28
Alexander Edler 0 0 0 0 0 3 2 0 2 1 0/0 24:39 0:00 4:27
Alexander Ovechkin 0 0 0 -2 0 3 0 0 1 0 4/4 20:24 0:00 1:58
Alexander Steen 0 0 0 0 0 2 2 0 0 0 0/0 17:37 0:00 0:29
Andrej Meszaros 0 0 0 0 2 0 0 0 0 0 0/0 11:32 0:00 0:00
Andy Miele 0 0 0 1 0 1 2 0 0 1 7/10 12:59 0:00 1:48
Barret Jackman 0 0 0 -1 0 1 0 0 0 1 0/0 12:21 0:00 0:00
Brett Clark 0 1 1 -1 0 0 1 2 0 1 0/0 18:21 0:00 2:03
Byron Bitz 0 0 0 0 0 2 2 0 0 0 1/4 21:20 0:00 4:01
Dmitri Kalinin 0 0 0 0 0 0 1 0 0 1 0/0 9:20 0:00 0:00
James Van Riemsdyk 0 0 0 1 0 3 2 0 0 0 0/0 11:42 0:00 0:00
John Moore 0 0 0 0 0 3 1 5 0 0 0/0 19:03 0:00 2:03
Justin Abdelkader 0 0 0 0 0 0 0 0 0 0 0/0 7:40 0:00 0:00
Kris Vernarsky 0 0 0 0 0 0 0 0 0 0 0/2 6:18 0:00 0:00
Mikael Granlund 0 0 0 0 0 1 0 1 0 0 3/10 18:07 0:00 0:55
Niclas Bergfors 0 0 0 -2 0 5 1 1 0 0 0/1 18:45 0:00 0:00
Ryan Kesler 0 0 0 -2 2 0 0 0 0 0 12/22 21:52 0:00 3:21
Ryan Mcdonagh 0 0 0 0 0 1 1 2 1 2 0/0 24:47 0:00 4:27
Players Stats for Nordiques
Player Name G A P +/- PIM S H SB GA TA FO MP PP MP PK MP
------------------------------------------------------------------------------------
Chris Drury 0 2 2 1 0 4 1 0 1 0 6/11 17:58 2:26 0:00
Daniel Briere 0 1 1 0 0 1 1 0 1 0 14/30 20:23 4:01 0:00
Dmitry Kulikov 0 0 0 1 0 1 0 0 0 0 0/0 14:13 0:00 0:00
Dustin Byfuglien 0 1 1 1 0 0 1 0 0 0 0/0 19:54 2:38 0:00
Fedor Tyutin 0 0 0 -1 0 0 4 1 1 4 0/0 25:53 3:52 0:00
Jean-Pierre Dumont 0 0 0 0 0 3 1 0 0 0 0/2 12:23 0:03 0:00
Kyle Calder 0 0 0 0 0 1 1 0 0 0 0/0 12:04 0:03 0:00
Marek Svatos 1 0 1 1 0 4 3 0 0 0 0/2 19:38 4:01 0:00
Mark Eaton 0 0 0 1 0 0 0 3 0 0 0/0 19:54 2:38 0:00
Matt Moulson 0 0 0 1 0 3 0 0 1 0 0/0 17:58 2:26 0:00
Michael Ryder 0 0 0 0 0 2 1 0 0 0 1/1 9:48 0:00 0:00
Nikolai Kulemin 0 0 0 0 0 2 1 0 1 0 0/0 9:29 0:00 0:00
Paul Gaustad 0 0 0 0 0 0 2 0 1 0 3/4 11:51 0:03 0:00
R.J. Umberger 0 0 0 0 0 3 0 0 0 0 1/3 20:10 4:01 0:00
Rich Peverley 0 0 0 0 0 1 0 0 0 0 1/1 9:29 0:00 0:00
Ryan Ellis 1 0 1 -1 0 8 0 2 0 0 0/0 25:53 3:52 0:00
T.J. Fast 0 0 0 1 0 0 1 0 0 0 0/0 14:13 0:00 0:00
Vladimir Tarasenko 1 1 2 0 0 5 0 0 1 0 1/1 18:49 2:26 0:00
3 Stars
1 - Julien Ellis (Que)
2 - Viktor Fasth (Nas)
3 - Marek Svatos (Que)
Power Play
Predators - 0 on 0 Attempt(s) - 0.00%
Nordiques - 1 on 4 Attempt(s) - 25.00%
Penalty Kill
Predators - 3 on 4 Attempt(s) - 75.00%
- Score 0 goal in Penalty Kill
Nordiques - 0 on 0 Attempt(s) - 0.00%
- Score 0 goal in Penalty Kill
Team Stat
Predators - Hits : 18 - Faceoff Wins : 28 - Blocked Shots : 12 - Penalty Minutes : 8
Nordiques - Hits : 17 - Faceoff Wins : 27 - Blocked Shots : 6 - Penalty Minutes : 0
Official
Referees : Rehman Kyle and Charron Francis
Linesman : Tony Sericolo and Jean Morin
Game Notes
3:45 of 1st period - Nordiques goal is going for a video replay. After video review, Goal.
Dmitri Kalinin is injured at 12:40 of 2nd period (Left Foot)
Marek Svatos has scored in a empty net!
Finance
Level 1 -- Attendance: 4512 (75.20%) -- Ticket Income $473,760
Level 2 -- Attendance: 3205 (64.10%) -- Ticket Income $208,325
Level 3 -- Attendance: 1322 (66.10%) -- Ticket Income $60,812
Level 4 -- Attendance: 2744 (68.60%) -- Ticket Income $96,040
Luxury Box -- Attendance: 931 (93.10%) -- Ticket Income $153,615
Game was played at the Centre Videotron.
Total Attendance: 12714 (70.63%)
Total Ticket Income: $992,552
Other Income: $148,883
Total Income: $1,141,435
Predators
5 vs 5 Forward
Center Left Wing Right Wing Time % Phy DF OF
1 Ryan Kesler Alexander Ovechkin Niclas Bergfors 40 1 2 2
2 Mikael Granlund Alexander Steen Byron Bitz 30 1 2 2
3 Andy Miele James Van Riemsdyk Adam Burish 20 1 2 2
4 Kris Vernarsky Justin Abdelkader Adam Burish 10 1 2 2
5 vs 5 Defense
Defense Defense Time % Phy DF OF
1 Ryan Mcdonagh Alexander Edler 40 1 2 2
2 John Moore Dmitri Kalinin 30 1 2 2
3 Brett Clark Barret Jackman 20 1 2 2
4 Brett Clark Andrej Meszaros 10 1 2 2
PowerPlay Forward
Center Left Wing Right Wing Time % Phy DF OF
1 Mikael Granlund Alexander Ovechkin Niclas Bergfors 60 1 0 4
2 Ryan Kesler Alexander Steen Byron Bitz 40 1 0 4
PowerPlay Defense
Defense Defense Time % Phy DF OF
1 Dmitri Kalinin Alexander Edler 60 1 1 3
2 Ryan Mcdonagh John Moore 40 1 1 3
Penalty Kill 4 Players Forward
Center Wing Time % Phy DF OF
1 Ryan Kesler Byron Bitz 60 1 2 2
2 Andy Miele Adam Burish 40 1 2 2
Penalty Kill 4 Players Defense
Defense Defense Time % Phy DF OF
1 Ryan Mcdonagh Alexander Edler 60 1 3 1
2 John Moore Brett Clark 40 1 3 1
Penalty Kill - 3 Players Forward
Forward Time % Phy DF OF
1 Byron Bitz 60 1 3 1
2 Adam Burish 40 1 3 1
Penalty Kill - 3 Players Defense
Defense Defense Time % Phy DF OF
1 Ryan Mcdonagh Alexander Edler 60 1 3 1
2 John Moore Brett Clark 40 1 3 1
4 vs 4 Forward
Center Wing Time % Phy DF OF
1 Mikael Granlund Alexander Ovechkin 60 1 1 3
2 Ryan Kesler Niclas Bergfors 40 1 2 2
4 vs 4 Defense
Defense Defense Time % Phy DF OF
1 Ryan Mcdonagh Alexander Edler 60 1 1 3
2 John Moore Dmitri Kalinin 40 1 2 2
Last Minutes Offensive
Center Left Wing Right Wing Defense Defense
Ryan Kesler Alexander Ovechkin Niclas Bergfors Ryan Mcdonagh Alexander Edler
Last Minutes Defensive
Center Left Wing Right Wing Defense Defense
Andy Miele Alexander Ovechkin Byron Bitz John Moore Ryan Mcdonagh
Goaltenders
Starting : Viktor Fasth
Backup : Chad Johnson
Extra Forwards
Normal : James Van Riemsdyk, Adam Burish, Justin Abdelkader - PP : James Van Riemsdyk, Justin Abdelkader - PK : Alexander Ovechkin
Extra Defensemen
Normal : Andrej Meszaros, Barret Jackman, Brett Clark - PP : Andrej Meszaros - PK : Barret Jackman, Brett Clark
Penalty Shots
Alexander Ovechkin, Niclas Bergfors, Ryan Kesler, Andy Miele, James Van Riemsdyk
Scratches
Richard Jackman (Healthy)
Nordiques
5 vs 5 Forward
Center Left Wing Right Wing Time % Phy DF OF
1 Daniel Briere R.J. Umberger Vladimir Tarasenko 40 0 2 3
2 Chris Drury Matt Moulson Marek Svatos 30 0 2 3
3 Paul Gaustad Kyle Calder Jean-Pierre Dumont 20 0 3 2
4 Rich Peverley Nikolai Kulemin Michael Ryder 10 0 2 3
5 vs 5 Defense
Defense Defense Time % Phy DF OF
1 Fedor Tyutin Ryan Ellis 40 0 4 1
2 Mark Eaton Dustin Byfuglien 30 0 4 1
3 T.J. Fast Dmitry Kulikov 20 0 4 1
4 Fedor Tyutin Ryan Ellis 10 0 4 1
PowerPlay Forward
Center Left Wing Right Wing Time % Phy DF OF
1 Daniel Briere R.J. Umberger Marek Svatos 60 0 0 5
2 Chris Drury Matt Moulson Vladimir Tarasenko 40 0 0 5
PowerPlay Defense
Defense Defense Time % Phy DF OF
1 Fedor Tyutin Ryan Ellis 60 0 2 3
2 Mark Eaton Dustin Byfuglien 40 0 2 3
Penalty Kill 4 Players Forward
Center Wing Time % Phy DF OF
1 Marek Svatos Daniel Briere 60 0 3 2
2 Chris Drury Vladimir Tarasenko 40 0 3 2
Penalty Kill 4 Players Defense
Defense Defense Time % Phy DF OF
1 Fedor Tyutin Ryan Ellis 60 0 5 0
2 Mark Eaton Dustin Byfuglien 40 0 5 0
Penalty Kill - 3 Players Forward
Forward Time % Phy DF OF
1 Marek Svatos 60 0 4 1
2 Daniel Briere 40 0 4 1
Penalty Kill - 3 Players Defense
Defense Defense Time % Phy DF OF
1 Fedor Tyutin Ryan Ellis 60 0 5 0
2 Mark Eaton Dustin Byfuglien 40 0 5 0
4 vs 4 Forward
Center Wing Time % Phy DF OF
1 Marek Svatos Daniel Briere 60 0 2 3
2 Chris Drury Vladimir Tarasenko 40 0 1 4
4 vs 4 Defense
Defense Defense Time % Phy DF OF
1 Fedor Tyutin Ryan Ellis 60 0 3 2
2 Mark Eaton Dustin Byfuglien 40 0 3 2
Last Minutes Offensive
Center Left Wing Right Wing Defense Defense
Daniel Briere R.J. Umberger Marek Svatos Fedor Tyutin Ryan Ellis
Last Minutes Defensive
Center Left Wing Right Wing Defense Defense
Daniel Briere R.J. Umberger Marek Svatos Mark Eaton T.J. Fast
Goaltenders
Starting : Julien Ellis
Backup : Tyler Weiman
Extra Forwards
Normal : Jean-Pierre Dumont, Vladimir Tarasenko, Chris Drury - PP : Vladimir Tarasenko, Daniel Briere - PK : Paul Gaustad
Extra Defensemen
Normal : Dustin Byfuglien, Dmitry Kulikov, Ryan Ellis - PP : Dustin Byfuglien - PK : Ryan Ellis, Mark Eaton
Penalty Shots
Marek Svatos, Daniel Briere, Chris Drury, Vladimir Tarasenko, R.J. Umberger
Scratches
Bruno Gervais (Healthy), Milan Bartovic (Healthy), Tim Crowder (Healthy)
% Time on Ice - Predators
Lines # - Real PCT - Wanted PCT - Time Play
Normal Forward
1 - 35% - 40% - 18:30
2 - 32% - 30% - 17:12
3 - 21% - 20% - 11:07
4 - 12% - 10% - 6:18
Normal Defense
1 - 38% - 40% - 20:12
2 - 32% - 30% - 17:00
3 - 22% - 20% - 11:30
4 - 8% - 10% - 4:25
PP Forward
1 - 0% - 60%
2 - 0% - 40%
PP Defense
1 - 0% - 60%
2 - 0% - 40%
PK Forward
1 - 72% - 60% - 4:42
2 - 28% - 40% - 1:48
PK Defense
1 - 68% - 60% - 4:27
2 - 32% - 40% - 2:03
PK3 Forward
1 - 0% - 60%
2 - 0% - 40%
PK3 Defense
1 - 0% - 60%
2 - 0% - 40%
44 Forward
1 - 0% - 60%
2 - 0% - 40%
44 Defense
1 - 0% - 60%
2 - 0% - 40%
Last Minute Offensive - 0:23
Last Minute Defensive - 0:00
Total
Forward - 60:00
Defense - 60:00
|
% Time on Ice - Nordiques
Lines # - Real PCT - Wanted PCT - Time Play
Normal Forward
1 - 31% - 40% - 16:29
2 - 30% - 30% - 16:04
3 - 21% - 20% - 11:28
4 - 18% - 10% - 9:29
Normal Defense
1 - 37% - 40% - 19:39
2 - 32% - 30% - 17:16
3 - 27% - 20% - 14:13
4 - 4% - 10% - 2:22
PP Forward
1 - 63% - 60% - 4:04
2 - 37% - 40% - 2:26
PP Defense
1 - 59% - 60% - 3:52
2 - 41% - 40% - 2:38
PK Forward
1 - 0% - 60%
2 - 0% - 40%
PK Defense
1 - 0% - 60%
2 - 0% - 40%
PK3 Forward
1 - 0% - 60%
2 - 0% - 40%
PK3 Defense
1 - 0% - 60%
2 - 0% - 40%
44 Forward
1 - 0% - 60%
2 - 0% - 40%
44 Defense
1 - 0% - 60%
2 - 0% - 40%
Last Minute Offensive - 0:00
Last Minute Defensive - 0:00
Total
Forward - 60:00
Defense - 60:00
|
Play by Play
1st period
0:01 of 1st period - Alexander Ovechkin wins face-off versus R.J. Umberger in neutral zone.
0:10 of 1st period - Wrist shot by Alexander Ovechkin.
0:10 of 1st period - Shot Misses the Net.
0:16 of 1st period - Ryan Mcdonagh is hit by Fedor Tyutin.
1:11 of 1st period - Wrist shot by Rich Peverley.
1:11 of 1st period - Shot Blocked by John Moore.
1:13 of 1st period - Slapshot by Mark Eaton.
1:13 of 1st period - Shot Blocked by John Moore.
1:15 of 1st period - Snap shot by Mark Eaton.
1:15 of 1st period - Shot Misses the Net.
1:51 of 1st period - Wrist shot by Alexander Steen.
1:51 of 1st period - Stopped by Julien Ellis without a rebound.
1:52 of 1st period - Chris Drury wins face-off versus Mikael Granlund in Nordiques zone.
2:27 of 1st period - Snap shot by Marek Svatos.
2:27 of 1st period - Shot Misses the Net.
2:35 of 1st period - Wrist shot by Marek Svatos.
2:35 of 1st period - Stopped by Viktor Fasth without a rebound.
2:36 of 1st period - Vladimir Tarasenko wins face-off versus Kris Vernarsky in Predators zone.
2:58 of 1st period - Ryan Ellis is hit by Adam Burish and loses puck.
3:12 of 1st period - Minor Penalty to Ryan Kesler for Roughing.
3:13 of 1st period - Alexander Ovechkin wins face-off versus Daniel Briere in Predators zone.
3:20 of 1st period - Snap shot by Alexander Ovechkin.
3:20 of 1st period - Shot Misses the Net.
3:22 of 1st period - Snap shot by Alexander Ovechkin.
3:22 of 1st period - Shot Misses the Net.
3:24 of 1st period - Slapshot by Alexander Edler.
3:24 of 1st period - Shot Misses the Net.
3:35 of 1st period - Icing by Ryan Ellis.
3:36 of 1st period - Daniel Briere wins face-off versus Byron Bitz in Nordiques zone.
3:43 of 1st period - Snap shot by Vladimir Tarasenko.
3:43 of 1st period - Stopped by Viktor Fasth with a rebound.
3:45 of 1st period - Slapshot by Ryan Ellis.
3:45 of 1st period - Nordiques goal is going for a video replay.
3:45 of 1st period - The goal is good.
3:45 of 1st period - Goal by Ryan Ellis - Predators : 0 - Nordiques : 1.
3:46 of 1st period - Andy Miele wins face-off versus Daniel Briere in neutral zone.
3:53 of 1st period - Snap shot by Adam Burish.
3:53 of 1st period - Stopped by Julien Ellis with a rebound.
3:55 of 1st period - Wrist shot by Adam Burish.
3:55 of 1st period - Shot Blocked by Ryan Ellis.
4:53 of 1st period - Snap shot by Niclas Bergfors.
4:53 of 1st period - Stopped by Julien Ellis without a rebound.
4:54 of 1st period - Mikael Granlund wins face-off versus Daniel Briere in Nordiques zone.
5:56 of 1st period - Alexander Edler is hit by Marek Svatos and loses puck.
6:53 of 1st period - Wrist shot by Rich Peverley.
6:53 of 1st period - Shot Misses the Net.
7:41 of 1st period - Wrist shot by Kyle Calder.
7:41 of 1st period - Stopped by Viktor Fasth without a rebound.
7:42 of 1st period - Paul Gaustad wins face-off versus Byron Bitz in Predators zone.
8:39 of 1st period - Snap shot by Kyle Calder.
8:39 of 1st period - Shot Misses the Net.
8:45 of 1st period - Wrist shot by Jean-Pierre Dumont.
8:45 of 1st period - Stopped by Viktor Fasth with a rebound.
8:49 of 1st period - Snap shot by Jean-Pierre Dumont.
8:49 of 1st period - Shot Misses the Net.
8:51 of 1st period - Slapshot by Ryan Ellis.
8:51 of 1st period - Stopped by Viktor Fasth without a rebound.
8:52 of 1st period - Daniel Briere wins face-off versus Ryan Kesler in Predators zone.
8:53 of 1st period - Slapshot by Vladimir Tarasenko.
8:53 of 1st period - Goal by Vladimir Tarasenko - Predators : 0 - Nordiques : 2.
8:54 of 1st period - Ryan Kesler wins face-off versus Daniel Briere in neutral zone.
9:44 of 1st period - Snap shot by Alexander Steen.
9:44 of 1st period - Deflect By Byron Bitz.
9:44 of 1st period - Stopped by Julien Ellis without a rebound.
9:45 of 1st period - Daniel Briere wins face-off versus Mikael Granlund in Nordiques zone.
9:55 of 1st period - R.J. Umberger is hit by Dmitri Kalinin.
10:00 of 1st period - Off-side.
10:01 of 1st period - Chris Drury wins face-off versus Ryan Kesler in neutral zone.
10:10 of 1st period - Snap shot by Chris Drury.
10:10 of 1st period - Stopped by Viktor Fasth with a rebound.
10:39 of 1st period - Snap shot by Marek Svatos.
10:39 of 1st period - Stopped by Viktor Fasth with a rebound.
10:59 of 1st period - Wrist shot by Adam Burish.
10:59 of 1st period - Goal by Adam Burish - Predators : 1 - Nordiques : 2.
11:00 of 1st period - Ryan Kesler wins face-off versus Daniel Briere in neutral zone.
11:11 of 1st period - Slapshot by Niclas Bergfors.
11:11 of 1st period - Stopped by Julien Ellis without a rebound.
11:12 of 1st period - Ryan Kesler wins face-off versus Daniel Briere in Nordiques zone.
11:30 of 1st period - Mark Eaton is hit by Alexander Edler and loses puck.
11:51 of 1st period - Wrist shot by Nikolai Kulemin.
11:51 of 1st period - Stopped by Viktor Fasth with a rebound.
11:53 of 1st period - Slapshot by Mark Eaton.
11:53 of 1st period - Shot Misses the Net.
12:05 of 1st period - Slapshot by Alexander Edler.
12:05 of 1st period - Stopped by Julien Ellis without a rebound.
12:06 of 1st period - Chris Drury wins face-off versus Mikael Granlund in Nordiques zone.
12:29 of 1st period - Snap shot by Matt Moulson.
12:29 of 1st period - Stopped by Viktor Fasth with a rebound.
12:31 of 1st period - Slapshot by Fedor Tyutin.
12:31 of 1st period - Shot Misses the Net.
12:33 of 1st period - Wrist shot by Chris Drury.
12:33 of 1st period - Stopped by Viktor Fasth with a rebound.
12:35 of 1st period - Snap shot by Chris Drury.
12:35 of 1st period - Shot Blocked by John Moore.
12:37 of 1st period - Wrist shot by Chris Drury.
12:37 of 1st period - Shot Blocked by John Moore.
12:41 of 1st period - Wrist shot by Chris Drury.
12:41 of 1st period - Stopped by Viktor Fasth with a rebound.
12:43 of 1st period - Wrist shot by Ryan Ellis.
12:43 of 1st period - Shot Misses the Net.
13:05 of 1st period - Wrist shot by Marek Svatos.
13:05 of 1st period - Shot Blocked by John Moore.
13:17 of 1st period - Wrist shot by Chris Drury.
13:17 of 1st period - Stopped by Viktor Fasth with a rebound.
13:19 of 1st period - Snap shot by Ryan Ellis.
13:19 of 1st period - Deflect By Alexander Steen.
13:19 of 1st period - Stopped by Viktor Fasth without a rebound.
13:20 of 1st period - Daniel Briere wins face-off versus Ryan Kesler in Predators zone.
13:47 of 1st period - Kyle Calder is hit by Adam Burish and loses puck.
15:25 of 1st period - Brett Clark is hit by Dustin Byfuglien and loses puck.
15:53 of 1st period - Slapshot by Ryan Ellis.
15:53 of 1st period - Deflect By John Moore.
15:53 of 1st period - Stopped by Viktor Fasth without a rebound.
15:54 of 1st period - Chris Drury wins face-off versus Kris Vernarsky in Predators zone.
15:55 of 1st period - Slapshot by Marek Svatos.
15:55 of 1st period - Shot Blocked by Brett Clark.
16:19 of 1st period - Slapshot by Ryan Ellis.
16:19 of 1st period - Stopped by Viktor Fasth with a rebound.
17:20 of 1st period - Wrist shot by Chris Drury.
17:20 of 1st period - Shot Misses the Net.
17:30 of 1st period - Adam Burish is hit by Nikolai Kulemin and loses puck.
17:57 of 1st period - Wrist shot by Jean-Pierre Dumont.
17:57 of 1st period - Stopped by Viktor Fasth with a rebound.
18:18 of 1st period - Daniel Briere is hit by Brett Clark and loses puck.
18:31 of 1st period - Slapshot by Marek Svatos.
18:31 of 1st period - Stopped by Viktor Fasth with a rebound.
18:43 of 1st period - Dustin Byfuglien is hit by Niclas Bergfors and loses puck.
19:00 of 1st period - Snap shot by Michael Ryder.
19:00 of 1st period - Stopped by Viktor Fasth with a rebound.
19:12 of 1st period - Snap shot by Alexander Steen.
19:12 of 1st period - Shot Misses the Net.
19:24 of 1st period - Snap shot by R.J. Umberger.
19:24 of 1st period - Shot Blocked by Brett Clark.
19:26 of 1st period - Slapshot by Dustin Byfuglien.
19:26 of 1st period - Shot Blocked by Niclas Bergfors.
19:28 of 1st period - Wrist shot by R.J. Umberger.
19:28 of 1st period - Shot Misses the Net.
19:30 of 1st period - Snap shot by R.J. Umberger.
19:30 of 1st period - Stopped by Viktor Fasth without a rebound.
19:31 of 1st period - Mikael Granlund wins face-off versus Chris Drury in Predators zone.
19:35 of 1st period - Off-side.
19:36 of 1st period - Byron Bitz wins face-off versus Chris Drury in neutral zone.
19:47 of 1st period - Snap shot by Alexander Steen.
19:47 of 1st period - Shot Hit the Post.
19:49 of 1st period - Slapshot by John Moore.
19:49 of 1st period - Stopped by Julien Ellis without a rebound.
19:50 of 1st period - Daniel Briere wins face-off versus Ryan Kesler in Nordiques zone.
Goals for this period are 1 for Predators vs 2 for Nordiques.
Shots for this period are 8 for Predators vs 21 for Nordiques.
2nd period
0:01 of 2nd period - Ryan Kesler wins face-off versus Daniel Briere in neutral zone.
0:26 of 2nd period - Paul Gaustad is hit by Ryan Mcdonagh and loses puck.
0:31 of 2nd period - Snap shot by Mikael Granlund.
0:31 of 2nd period - Stopped by Julien Ellis with a rebound.
0:56 of 2nd period - Wrist shot by Nikolai Kulemin.
0:56 of 2nd period - Stopped by Viktor Fasth without a rebound.
0:57 of 2nd period - Michael Ryder wins face-off versus Ryan Kesler in Predators zone.
1:11 of 2nd period - Slapshot by Dmitry Kulikov.
1:11 of 2nd period - Shot Blocked by Ryan Mcdonagh.
1:32 of 2nd period - Wrist shot by Dustin Byfuglien.
1:32 of 2nd period - Deflect By Rich Peverley.
1:32 of 2nd period - Stopped by Viktor Fasth without a rebound.
1:33 of 2nd period - Daniel Briere wins face-off versus Adam Burish in Predators zone.
1:37 of 2nd period - Minor Penalty to Adam Burish for Tripping.
1:38 of 2nd period - Ryan Kesler wins face-off versus Daniel Briere in Predators zone.
2:12 of 2nd period - Wrist shot by Vladimir Tarasenko.
2:12 of 2nd period - Stopped by Viktor Fasth with a rebound.
2:14 of 2nd period - Slapshot by Ryan Ellis.
2:14 of 2nd period - Stopped by Viktor Fasth with a rebound.
3:37 of 2nd period - Penalty to Adam Burish is over, Adam Burish is back on ice.
3:46 of 2nd period - Wrist shot by Adam Burish.
3:46 of 2nd period - Shot Blocked by Mark Eaton.
3:52 of 2nd period - Kris Vernarsky is hit by Paul Gaustad and loses puck.
4:03 of 2nd period - T.J. Fast is hit by Byron Bitz and loses puck.
4:22 of 2nd period - Kyle Calder is hit by James Van Riemsdyk and loses puck.
4:51 of 2nd period - Niclas Bergfors is hit by Fedor Tyutin and loses puck.
5:25 of 2nd period - Slapshot by Alexander Steen.
5:25 of 2nd period - Shot Misses the Net.
5:59 of 2nd period - Icing by Mark Eaton.
6:00 of 2nd period - Paul Gaustad wins face-off versus Mikael Granlund in Nordiques zone.
6:49 of 2nd period - Wrist shot by Matt Moulson.
6:49 of 2nd period - Stopped by Viktor Fasth without a rebound.
6:50 of 2nd period - Chris Drury wins face-off versus Ryan Kesler in Predators zone.
7:41 of 2nd period - Slapshot by Alexander Edler.
7:41 of 2nd period - Shot Misses the Net.
7:57 of 2nd period - Snap shot by Alexander Ovechkin.
7:57 of 2nd period - Shot Misses the Net.
7:59 of 2nd period - Slapshot by Alexander Edler.
7:59 of 2nd period - Deflect By Alexander Ovechkin.
7:59 of 2nd period - Stopped by Julien Ellis with a rebound.
8:03 of 2nd period - Slapshot by Alexander Ovechkin.
8:03 of 2nd period - Stopped by Julien Ellis with a rebound.
8:05 of 2nd period - Wrist shot by Ryan Mcdonagh.
8:05 of 2nd period - Deflect By Mark Eaton.
8:05 of 2nd period - Stopped by Julien Ellis without a rebound.
8:06 of 2nd period - Daniel Briere wins face-off versus Andy Miele in Nordiques zone.
9:18 of 2nd period - Daniel Briere is hit by Adam Burish and loses puck.
10:12 of 2nd period - Icing by R.J. Umberger.
10:13 of 2nd period - Andy Miele wins face-off versus Chris Drury in Nordiques zone.
10:34 of 2nd period - Slapshot by Alexander Edler.
10:34 of 2nd period - Stopped by Julien Ellis without a rebound.
10:35 of 2nd period - Daniel Briere wins face-off versus Mikael Granlund in Nordiques zone.
11:23 of 2nd period - Snap shot by R.J. Umberger.
11:23 of 2nd period - Stopped by Viktor Fasth with a rebound.
11:25 of 2nd period - Snap shot by R.J. Umberger.
11:25 of 2nd period - Stopped by Viktor Fasth without a rebound.
11:26 of 2nd period - Chris Drury wins face-off versus Ryan Kesler in Predators zone.
12:00 of 2nd period - Fedor Tyutin is hit by James Van Riemsdyk and loses puck.
12:39 of 2nd period - Dmitri Kalinin is hit by Marek Svatos and loses puck.
12:40 of 2nd period - Dmitri Kalinin from Predators is injured at 12:40 of 2nd period (Left Foot).
12:41 of 2nd period - Ryan Kesler wins face-off versus Daniel Briere in Predators zone.
13:06 of 2nd period - Alexander Edler is hit by Kyle Calder.
13:21 of 2nd period - Brett Clark is hit by Fedor Tyutin and loses puck.
13:30 of 2nd period - Wrist shot by Alexander Ovechkin.
13:30 of 2nd period - Stopped by Julien Ellis without a rebound.
13:31 of 2nd period - Andy Miele wins face-off versus Chris Drury in Nordiques zone.
13:36 of 2nd period - Wrist shot by Adam Burish.
13:36 of 2nd period - Shot Blocked by Mark Eaton.
13:38 of 2nd period - Snap shot by Adam Burish.
13:38 of 2nd period - Shot Blocked by Mark Eaton.
13:40 of 2nd period - Snap shot by James Van Riemsdyk.
13:40 of 2nd period - Stopped by Julien Ellis with a rebound.
13:42 of 2nd period - Wrist shot by Andrej Meszaros.
13:42 of 2nd period - Shot Misses the Net.
13:56 of 2nd period - John Moore is hit by Daniel Briere and loses puck.
14:13 of 2nd period - Minor Penalty to Andrej Meszaros for Goalie Interference.
14:14 of 2nd period - Ryan Kesler wins face-off versus Daniel Briere in Predators zone.
14:32 of 2nd period - Icing by R.J. Umberger.
14:33 of 2nd period - Ryan Kesler wins face-off versus Daniel Briere in Nordiques zone.
14:55 of 2nd period - Icing by Ryan Ellis.
14:56 of 2nd period - Ryan Kesler wins face-off versus Marek Svatos in Nordiques zone.
14:57 of 2nd period - Snap shot by Byron Bitz.
14:57 of 2nd period - Stopped by Julien Ellis without a rebound.
14:58 of 2nd period - Daniel Briere wins face-off versus Ryan Kesler in Nordiques zone.
16:05 of 2nd period - Daniel Briere is hit by Andy Miele.
16:09 of 2nd period - Ryan Ellis is hit by Andy Miele and loses puck.
16:13 of 2nd period - Penalty to Andrej Meszaros is over, Andrej Meszaros is back on ice.
16:27 of 2nd period - John Moore is hit by Jean-Pierre Dumont and loses puck.
16:46 of 2nd period - Slapshot by John Moore.
16:46 of 2nd period - Stopped by Julien Ellis with a rebound.
18:23 of 2nd period - Off-side.
18:24 of 2nd period - Rich Peverley wins face-off versus Mikael Granlund in neutral zone.
18:27 of 2nd period - Slapshot by Michael Ryder.
18:27 of 2nd period - Stopped by Viktor Fasth without a rebound.
18:28 of 2nd period - Daniel Briere wins face-off versus Andy Miele in Predators zone.
18:37 of 2nd period - Snap shot by John Moore.
18:37 of 2nd period - Stopped by Julien Ellis without a rebound.
18:38 of 2nd period - Andy Miele wins face-off versus Daniel Briere in Nordiques zone.
18:47 of 2nd period - Snap shot by Alexander Edler.
18:47 of 2nd period - Shot Blocked by Ryan Ellis.
18:49 of 2nd period - Snap shot by James Van Riemsdyk.
18:49 of 2nd period - Stopped by Julien Ellis with a rebound.
18:53 of 2nd period - Slapshot by Andy Miele.
18:53 of 2nd period - Shot Misses the Net.
18:57 of 2nd period - Wrist shot by Andy Miele.
18:57 of 2nd period - Stopped by Julien Ellis without a rebound.
18:58 of 2nd period - Alexander Ovechkin wins face-off versus Marek Svatos in Nordiques zone.
19:11 of 2nd period - Slapshot by Niclas Bergfors.
19:11 of 2nd period - Stopped by Julien Ellis without a rebound.
19:12 of 2nd period - Alexander Ovechkin wins face-off versus Daniel Briere in Nordiques zone.
19:17 of 2nd period - Slapshot by Niclas Bergfors.
19:17 of 2nd period - Stopped by Julien Ellis without a rebound.
19:18 of 2nd period - Ryan Kesler wins face-off versus Daniel Briere in Nordiques zone.
19:34 of 2nd period - Icing by Ryan Mcdonagh.
19:35 of 2nd period - Ryan Kesler wins face-off versus Chris Drury in Predators zone.
19:35 of 2nd period - Ryan Kesler is hit by Fedor Tyutin.
Goals for this period are 0 for Predators vs 0 for Nordiques.
Shots for this period are 14 for Predators vs 8 for Nordiques.
3rd period
0:01 of 3rd period - R.J. Umberger wins face-off versus Ryan Kesler in neutral zone.
0:32 of 3rd period - Slapshot by James Van Riemsdyk.
0:32 of 3rd period - Stopped by Julien Ellis with a rebound.
0:34 of 3rd period - Slapshot by Andy Miele.
0:34 of 3rd period - Shot Misses the Net.
0:36 of 3rd period - Slapshot by Alexander Edler.
0:36 of 3rd period - Stopped by Julien Ellis without a rebound.
0:37 of 3rd period - Mikael Granlund wins face-off versus Jean-Pierre Dumont in Nordiques zone.
0:38 of 3rd period - Snap shot by Alexander Steen.
0:38 of 3rd period - Shot Misses the Net.
0:46 of 3rd period - Snap shot by Byron Bitz.
0:46 of 3rd period - Shot Misses the Net.
1:24 of 3rd period - Adam Burish is hit by Michael Ryder and loses puck.
1:31 of 3rd period - Dmitry Kulikov is hit by John Moore and loses puck.
1:50 of 3rd period - Slapshot by John Moore.
1:50 of 3rd period - Shot Blocked by Fedor Tyutin.
1:56 of 3rd period - Snap shot by Byron Bitz.
1:56 of 3rd period - Deflect By Alexander Steen.
1:56 of 3rd period - Stopped by Julien Ellis without a rebound.
1:57 of 3rd period - Ryan Kesler wins face-off versus Daniel Briere in Nordiques zone.
2:22 of 3rd period - Matt Moulson is hit by Byron Bitz and loses puck.
2:29 of 3rd period - Slapshot by Mikael Granlund.
2:29 of 3rd period - Shot Misses the Net.
2:31 of 3rd period - Slapshot by Barret Jackman.
2:31 of 3rd period - Deflect By Matt Moulson.
2:31 of 3rd period - Stopped by Julien Ellis without a rebound.
2:32 of 3rd period - Andy Miele wins face-off versus R.J. Umberger in Nordiques zone.
3:59 of 3rd period - Off-side.
4:00 of 3rd period - Daniel Briere wins face-off versus Mikael Granlund in neutral zone.
4:11 of 3rd period - Wrist shot by Daniel Briere.
4:11 of 3rd period - Stopped by Viktor Fasth without a rebound.
4:12 of 3rd period - Daniel Briere wins face-off versus Ryan Kesler in Predators zone.
4:45 of 3rd period - Snap shot by Vladimir Tarasenko.
4:45 of 3rd period - Stopped by Viktor Fasth with a rebound.
4:49 of 3rd period - Snap shot by Vladimir Tarasenko.
4:49 of 3rd period - Shot Blocked by Mikael Granlund.
5:33 of 3rd period - Snap shot by Paul Gaustad.
5:33 of 3rd period - Shot Misses the Net.
6:07 of 3rd period - Wrist shot by Marek Svatos.
6:07 of 3rd period - Deflect By Matt Moulson.
6:07 of 3rd period - Stopped by Viktor Fasth with a rebound.
6:26 of 3rd period - Minor Penalty to Adam Burish for High sticking.
6:27 of 3rd period - Daniel Briere wins face-off versus Byron Bitz in Predators zone.
8:14 of 3rd period - Marek Svatos is hit by Alexander Steen and loses puck.
8:26 of 3rd period - Penalty to Adam Burish is over, Adam Burish is back on ice.
8:40 of 3rd period - Snap shot by Nikolai Kulemin.
8:40 of 3rd period - Shot Blocked by Ryan Mcdonagh.
8:44 of 3rd period - Snap shot by Rich Peverley.
8:44 of 3rd period - Shot Misses the Net.
9:27 of 3rd period - Mikael Granlund is hit by Marek Svatos and loses puck.
11:08 of 3rd period - Off-side.
11:09 of 3rd period - Paul Gaustad wins face-off versus Andy Miele in neutral zone.
11:12 of 3rd period - Slapshot by Ryan Ellis.
11:12 of 3rd period - Deflect By Jean-Pierre Dumont.
11:12 of 3rd period - Stopped by Viktor Fasth with a rebound.
11:36 of 3rd period - Niclas Bergfors is hit by Chris Drury and loses puck.
12:35 of 3rd period - Slapshot by Ryan Ellis.
12:35 of 3rd period - Stopped by Viktor Fasth without a rebound.
12:36 of 3rd period - Andy Miele wins face-off versus Paul Gaustad in Predators zone.
13:19 of 3rd period - Byron Bitz is hit by T.J. Fast and loses puck.
14:16 of 3rd period - Mark Eaton is hit by Alexander Steen and loses puck.
15:19 of 3rd period - Wrist shot by Rich Peverley.
15:19 of 3rd period - Shot Misses the Net.
15:37 of 3rd period - Brett Clark is hit by Paul Gaustad.
15:43 of 3rd period - Wrist shot by Niclas Bergfors.
15:43 of 3rd period - Stopped by Julien Ellis without a rebound.
15:44 of 3rd period - Daniel Briere wins face-off versus Niclas Bergfors in Nordiques zone.
16:17 of 3rd period - Slapshot by Ryan Ellis.
16:17 of 3rd period - Stopped by Viktor Fasth with a rebound.
17:01 of 3rd period - Dustin Byfuglien is hit by Alexander Edler and loses puck.
17:24 of 3rd period - Slapshot by Daniel Briere.
17:24 of 3rd period - Deflect By Vladimir Tarasenko.
17:24 of 3rd period - Shot Misses the Net.
17:24 of 3rd period - Puck is out of play.
17:25 of 3rd period - Adam Burish wins face-off versus Daniel Briere in Predators zone.
17:32 of 3rd period - Slapshot by Dmitry Kulikov.
17:32 of 3rd period - Stopped by Viktor Fasth with a rebound.
17:38 of 3rd period - Slapshot by Vladimir Tarasenko.
17:38 of 3rd period - Shot Blocked by Adam Burish.
17:40 of 3rd period - Slapshot by Vladimir Tarasenko.
17:40 of 3rd period - Stopped by Viktor Fasth with a rebound.
18:18 of 3rd period - Predators, Viktor Fasth is pulled from the net.
18:36 of 3rd period - Snap shot by Ryan Kesler.
18:36 of 3rd period - Shot Misses the Net.
19:19 of 3rd period - Snap shot by Marek Svatos.
19:19 of 3rd period - Goal by Marek Svatos - Predators : 1 - Nordiques : 3.
19:19 of 3rd period - Viktor Fasth from Predators was sent back in the game.
19:20 of 3rd period - Andy Miele wins face-off versus Jean-Pierre Dumont in neutral zone.
Goals for this period are 0 for Predators vs 1 for Nordiques.
Shots for this period are 5 for Predators vs 9 for Nordiques.
Back to the Top